 Dungeon Crawl Stone Soup version 0.20.0-8-g6b59dc7 (webtiles) character file.

231 Monsterracer the Cudgeler (level 6, -4/37 HPs)
             Began as a Gargoyle Fighter on May 30, 2017.
             Was an Initiate of Okawaru.
             Slain by Edmund
             ... wielding a +5 flail of protection
              (6 damage)
             ... on level 4 of the Dungeon.
             The game lasted 00:04:54 (2899 turns).

Monsterracer the Cudgeler (Gargoyle Fighter)        Turns: 2899, Time: 00:04:55

Health: -4/37      AC:  8    Str: 24    XL:     6   Next: 4%
Magic:  6/6        EV:  8    Int:  9    God:    Okawaru [......]
Gold:   141        SH: 10    Dex: 13    Spells: 5/5 levels left

rFire    . . .     SeeInvis .   a - +1 flail
rCold    . . .     Gourm    .   c - +0 shield
rNeg     + . .     Faith    .   j - +0 ring mail
rPois    ∞         Spirit   .   i - +0 helmet
rElec    +         Reflect  .   (no cloak)
rCorr    .         Harm     .   (no gloves)
MR       .....                  (no boots)
Stlth    +.........             (no amulet)
Regen    0.2/turn               (no ring)
MPRegen  0.1/turn               (no ring)

@: mighty, flying
A: agile 1, deformed body, negative energy resistance 1, electricity resistance,
unbreathing, petrification resistance, rot immunity, AC +4
a: Renounce Religion


You were on level 4 of the Dungeon.
You worshipped Okawaru.
Okawaru was noncommittal.
You were not hungry.

You visited 1 branch of the dungeon, and saw 4 of its levels.

You collected 141 gold pieces.

Inventory:

Hand Weapons
 a - a +1 flail (weapon)
Armour
 c - a +0 shield (worn)
 i - a +0 helmet (worn)
 j - a +0 ring mail (worn)
 q - a cursed +0 chain mail
Jewellery
 n - an uncursed ring of ice
Wands
 o - a wand of confusion (27/48)
Scrolls
 e - 3 scrolls of identify
 h - a scroll of teleportation
 s - 2 scrolls of blinking
Potions
 d - a potion of might
Comestibles
 b - a chunk of flesh
 f - 5 bread rations
 g - 2 fruits
 l - 2 meat rations


   Skills:
 + Level 3.3 Fighting
 * Level 6.0 Maces & Flails
 + Level 3.2 Armour
 + Level 0.0 Dodging
 + Level 3.3 Shields
 + Level 0.2 Invocations


You had 5 spell levels left.
You didn't know any spells.

Dungeon Overview and Level Annotations

Branches:
Dungeon (4/15)
 Temple: D:4-7

Altars:
Cheibriados
Okawaru
Qazlal
Yredelemnul

Annotations:
D:4 Edmund


Innate Abilities, Weirdness & Mutations

You are resistant to torment.
Your stone body is resilient. (AC +4)
You are immune to poison.
You resist negative energy. (rN+)
You are resistant to electric shocks. (rElec)
You can survive without breathing.
You are immune to petrification.
You are immune to rotting.
You are agile. (Dex +2)
Armour fits poorly on your strangely shaped body.


Message History

Edmund hits you with a flail of protection.
You thump Edmund!
Edmund is heavily wounded.
Edmund hits you with a flail of protection.
* * * LOW HITPOINT WARNING * * *
You completely miss Edmund.
Edmund is heavily wounded.
You block Edmund's attack.
Okay, then.
You feel very mighty all of a sudden.
Edmund hits you with a flail of protection.
* * * LOW HITPOINT WARNING * * *
Your shield prevents you from hitting Edmund.
Edmund is heavily wounded.
Edmund hits you with a flail of protection!
* * * LOW HITPOINT WARNING * * *
You sock Edmund!
Edmund is almost dead.
Edmund hits you with a flail of protection.
You die...

......##.......# #....
...#..##.....[.# ......
.#...###.......####..#.#
.......#........#....#.#
.#.###......###...##.#.#####
.#.# #####...........#.....##
.#.# ####...................##
.#.###.....##................#
.#.##....####...@@...........#
.#.##..### #..................
.#....## #...........$......
.....## #..................
#...## #..................
##### #..>............#..
#..............## .
#...............


You could see Edmund.

Vanquished Creatures
  An ogre (D:3)
  Terence (D:3)
  6 adders
  2 oozes
  2 dart slugs
  A leopard gecko (D:2)
  8 bats
  2 giant cockroaches
  7 goblins
  5 hobgoblins
  3 jackals (D:3)
  5 kobolds
  A quokka (D:2)
  3 frilled lizards
  11 rats
58 creatures vanquished.

Notes
Turn   | Place    | Note
-------+----------+-------------------------------------------
     0 | D:1      | Monsterracer the Gargoyle Fighter began the quest for the Orb.
     0 | D:1      | Reached XP level 1. HP: 14/14 MP: 1/1
   171 | D:1      | Gained mutation: You are occasionally teleported next to monsters. [potion of mutation]
   171 | D:1      | Gained mutation: You are surrounded by a mild repulsion field. (EV +2) [potion of mutation]
   179 | D:1      | Reached XP level 2. HP: 19/19 MP: 2/2
   204 | D:1      | Reached skill level 3 in Maces & Flails
   411 | D:1      | Reached XP level 3. HP: 23/23 MP: 3/3
   569 | D:2      | Found a snail-covered altar of Cheibriados.
   592 | D:2      | Lost mutation: You are surrounded by a mild repulsion field. (EV +2) [potion of mutation]
   592 | D:2      | Lost mutation: You are occasionally teleported next to monsters. [potion of mutation]
   592 | D:2      | Gained mutation: You are robust. (+10% HP) [potion of mutation]
   592 | D:2      | Gained mutation: Armour fits poorly on your strangely shaped body. [potion of mutation]
   592 | D:2      | Lost mutation: You are robust. (+10% HP) [potion of mutation]
   592 | D:2      | Gained mutation: You are agile. (Dex +2) [potion of mutation]
   610 | D:2      | Found an iron altar of Okawaru.
   627 | D:2      | Became a worshipper of Warmaster Okawaru
  1486 | D:2      | Reached skill level 4 in Maces & Flails
  1509 | D:2      | Reached XP level 4. HP: 25/28 MP: 4/4
  1539 | D:2      | Found a faded altar of an unknown god.
  1940 | D:2      | Found a basalt altar of Yredelemnul.
  2066 | D:3      | Noticed Terence
  2076 | D:3      | Killed Terence
  2076 | D:3      | Reached skill level 5 in Maces & Flails
  2076 | D:3      | Reached XP level 5. HP: 28/32 MP: 5/5
  2125 | D:3      | Noticed an ogre
  2136 | D:3      | Killed an ogre
  2230 | D:3      | Reached skill level 6 in Maces & Flails
  2464 | D:3      | Reached XP level 6. HP: 37/37 MP: 6/6
  2825 | D:4      | Found a stormy altar of Qazlal.
  2865 | D:4      | Noticed Edmund
  2899 | D:4      | Slain by Edmund

Skill      XL: |  1  2  3  4  5 |
---------------+----------------+-----
Maces & Flails | 3 4 5 6 |  6.0
Fighting       | |  3.3
Armour         | |  3.2
Shields        | |  3.3
Invocations    | |  0.2

Action                   |  1- 3 |  4- 6 || total
-------------------------+-------+-------++-------
Melee: Flail             |   106 |   138 ||   244
  Use: Potion            |     5 |     2 ||     7
       Scroll            |       |     8 ||     8
  Eat: Chunk             |     2 |     5 ||     7
Armor: Scale mail        |    70 |    66 ||   136
       Ring mail         |       |     6 ||     6
Dodge: Dodged            |    33 |    40 ||    73
Block: Shield            |    47 |    78 ||   125
